 Dungeon Crawl Stone Soup version 0.17.0-7-gfadd4cc (webtiles) character file.

1628 dorian the Agent of Entropy (level 8, -3/58 HPs)
             Began as a Demonspawn Abyssal Knight on Nov 8, 2015.
             Was a Priest of Lugonu.
             Slain by an orc warrior
             ... wielding a +0 short sword
              (10 damage)
             ... on level 5 of the Dungeon.
             The game lasted 00:08:37 (4835 turns).

dorian the Agent of Entropy (DsAK)                  Turns: 4835, Time: 00:08:38

Health: -3/58      AC: 11    Str: 16    XL:     8   Next: 65%
Magic:  0/14       EV:  9    Int: 16    God:    Lugonu [***...]
Gold:   349        SH:  0    Dex: 12    Spells: 0 memorised, 7 levels left

rFire  . . .     SeeInvis .     J - +2 hand axe (flame)
rCold  . . .     Clarity  .     u - +0 scale mail
rNeg   . . .     SustAt   .     (no shield)
rPois  .         Gourm    .     x - +0 hat
rElec  .         Spirit   +     e - +0 cloak
rCorr  .         Warding  .     H - +0 pair of gloves
rMut   .         Stasis   +     (no boots)
MR     .....                    z - amulet of stasis
Stlth  +.........               l - +3 ring of intelligence
                                d - ring of stealth

@: not resistant to hostile enchantments, very unstealthy
A: hooves 2, icy blue scales 1, magic shield
a: Depart the Abyss, Bend Space, Banish, Renounce Religion


You were on level 5 of the Dungeon.
You worshipped Lugonu.
Lugonu was most pleased with you.
You were hungry.

You visited 1 branch of the dungeon, and saw 6 of its levels.
You visited the Abyss 1 time.

You collected 349 gold pieces.

Inventory:

Hand Weapons
 a - a +1 hand axe
 y - a +1 hand axe of venom
 J - a +2 hand axe of flaming (weapon)
 K - a +0 war axe
Missiles
 w - 11 tomahawks (quivered)
 D - 2 javelins
Armour
 b - a +0 leather armour
 e - a +0 cloak (worn)
 u - a +0 scale mail (worn)
 x - a +0 hat (worn)
 H - a +0 pair of gloves (worn)
Jewellery
 d - a ring of stealth (left hand)
 f - an uncursed amulet of inaccuracy
 l - a +3 ring of intelligence (right hand)
 z - an amulet of stasis (around neck)
Wands
 B - a wand of frost (11)
 M - a wand of hasting (4)
Scrolls
 j - 5 scrolls of teleportation
 k - 2 scrolls of fog
 n - 3 scrolls of remove curse
 o - 4 scrolls of amnesia {unknown}
 p - 7 scrolls of identify {unknown}
 q - 3 scrolls of enchant armour {unknown}
 s - 3 scrolls of enchant weapon {unknown}
 t - a scroll of immolation {unknown}
 E - a scroll of recharging {unknown}
Potions
 g - a potion of lignification {unknown}
 h - 3 potions of heal wounds {unknown}
 i - a potion of invisibility {unknown}
 v - 2 potions of mutation {unknown}
 A - 2 potions of cancellation {unknown}
 C - 2 potions of might {unknown}
 F - 2 potions of flight {unknown}
 G - a potion of poison {unknown}
 I - a potion of degeneration {unknown}
Comestibles
 c - 3 bread rations
 m - a royal jelly
 r - 2 meat rations
 L - a beef jerky


   Skills:
 - Level 3.0 Fighting
 + Level 6.0 Axes
 + Level 6.2 Armour
 - Level 0.8 Dodging
 + Level 8.5 Invocations


You had 7 spell levels left.
You didn't know any spells.

Dungeon Overview and Level Annotations

Branches:
Dungeon (6/15)             Temple (0/1) D:4

Altars:
Ashenzari
Elyvilon
Gozag
Qazlal
Xom

Shops:
D:2 *

Annotations:
D:6 Edmund


Innate Abilities, Weirdness & Mutations

You have hoof-like feet.
You are partially covered in icy blue scales (AC +1).
When hurt, damage is shared between your health and your magic reserves.


Message History

The orc warrior hits you but does no damage.
You completely miss the orc warrior.
You kick the orc warrior, but do no damage.
The orc warrior is moderately wounded.
The orc warrior hits you with a short sword.
* * * LOW HITPOINT WARNING * * *
You hit the orc warrior. You burn the orc warrior.
Your kick misses the orc warrior.
The orc warrior is heavily wounded.
The orc warrior barely misses you.
You hit the orc warrior but do no damage.
Your kick misses the orc warrior.
The orc warrior is heavily wounded.
The orc warrior hits you with a short sword!
* * * LOW HITPOINT WARNING * * *
A crimson imp comes into view.
The crimson imp shouts!
The crimson imp blinks!
The orc warrior hits you with a short sword!
You die...

..##.###..#### #.# ########.# ##.
####.# #.....# #.# #........# #.
#.# #..##.# #.# #.######## #. #
#.# #..##.###.# #.##### ##' ##
#.###.........###.#...# ##..
.###......##.######...)..#####...
..######.###.# #..........##....
<..####...#..####o..(.ยง..........
..['............@.5(.((.(........
...####...#.#####.#......##......
..## ##.##.# #.#.........#.... .##
####.# #.##.###.#####... ## #.#
#.##.###.# ##.. # #.# #........#
##' #.# ####.##### #. #.#
#.######## #. ###########.#
#........# ##.


You could see an orc warrior and a crimson imp.

Vanquished Creatures
  Grinder (D:5)
  2 sky beasts (D:5)
  An ogre (D:4)
  A centaur (D:5)
  A phantom (D:4)
  Blork the orc (D:5)
  A scorpion (D:5)
  6 crimson imps (D:5)
  A hound (D:5)
  2 orc wizards
  An iguana (D:5)
  5 worker ants
  5 gnolls
  A river rat (D:5)
  5 adders
  3 oozes
  An adder zombie (D:5)
  4 worms
  4 giant geckos
  9 orcs
  8 giant cockroaches
  5 hobgoblins (D:1)
  6 jackals
  5 kobolds
  A quokka (D:3)
  3 bats (D:2)
  6 giant newts
  5 goblins
  11 rats
105 creatures vanquished.

Vanquished Creatures (others)
  The ghost of MDvedh the Cleaver, a novice HOFi (D:5)
  An orc warrior (D:6)
2 creatures vanquished.

Grand Total: 107 creatures vanquished

Notes
Turn   | Place    | Note
--------------------------------------------------------------
     0 | Abyss:1  | dorian the Demonspawn Abyssal Knight began the quest for the Orb.
     0 | Abyss:1  | Reached XP level 1. HP: 18/18 MP: 2/2
    25 | D:1      | Escaped the Abyss
   154 | D:1      | Gained mutation: You have large cloven feet. [demonic ancestry]
   154 | D:1      | Reached XP level 2. HP: 24/24 MP: 3/3
   701 | D:2      | Reached ** piety under Lugonu
   916 | D:2      | Gained mutation: You have hoof-like feet. [demonic ancestry]
   916 | D:2      | Reached XP level 3. HP: 29/29 MP: 5/5
   950 | D:2      | Found Gozag's Platinum Reserve.
   984 | D:2      | Found an opulent altar of Gozag.
  1667 | D:3      | Reached XP level 4. HP: 25/35 MP: 6/6
  1844 | D:3      | Reached skill level 4 in Invocations
  1845 | D:3      | Found a stormy altar of Qazlal.
  2065 | D:3      | Reached XP level 5. HP: 25/41 MP: 8/8
  2199 | D:4      | Noticed a phantom
  2236 | D:4      | Killed a phantom
  2397 | D:4      | Reached *** piety under Lugonu
  2425 | D:4      | Found a white marble altar of Elyvilon.
  2428 | D:4      | Found a shattered altar of Ashenzari.
  2611 | D:4      | Reached skill level 5 in Invocations
  2611 | D:4      | Gained mutation: When hurt, damage is shared between your health and your magic reserves. [demonic ancestry]
  2611 | D:4      | Reached XP level 6. HP: 47/47 MP: 9/9
  2873 | D:4      | Noticed an ogre
  2881 | D:4      | Killed an ogre
  3047 | D:4      | Found a staircase to the Ecumenical Temple.
  3062 | D:5      | Entered Level 5 of the Dungeon
  3177 | D:5      | Noticed Blork the orc
  3179 | D:5      | Noticed MDvedh's ghost (novice HOFi)
  3190 | D:5      | Killed Blork the orc
  3190 | D:5      | Reached skill level 6 in Invocations
  3190 | D:5      | Gained mutation: You are partially covered in icy blue scales (AC +1). [demonic ancestry]
  3190 | D:5      | Reached XP level 7. HP: 46/52 MP: 9/11
  3196 | D:5      | Banished MDvedh's ghost
  3212 | D:5      | Found a shimmering altar of Xom.
  3363 | D:5      | Reached skill level 5 in Armour
  3423 | D:5      | Reached skill level 7 in Invocations
  3539 | D:5      | Reached skill level 5 in Axes
  3580 | D:5      | Reached XP level 8. HP: 49/58 MP: 13/13
  3637 | D:5      | Noticed Grinder
  3651 | D:5      | Killed Grinder
  4056 | D:5      | Reached skill level 8 in Invocations
  4251 | D:6      | Reached **** piety under Lugonu
  4559 | D:6      | Noticed Edmund
  4835 | D:5      | Slain by an orc warrior

Action                   |  1- 3 |  4- 6 |  7- 9 || total
-------------------------+-------+-------+-------++-------
Melee: Hand axe          |   122 |   125 |   179 ||   426
Invok: Banish            |       |       |     3 ||     3
  Use: Scroll            |     3 |       |       ||     3
 Stab: Sleeping          |     4 |       |       ||     4
  Eat: Chunk             |     2 |     3 |     7 ||    12
       Pizza             |       |     1 |       ||     1
